 Dungeon Crawl Stone Soup version 0.29.1-1-gd02db6906a (webtiles) character file.

Game seed: 17814981287400892248

30518 112233 the Thaumaturge (level 13, 0/101 HPs)
             Began as a Demonspawn Necromancer on Oct 11, 2022.
             Was an Elder of Sif Muna.
             Slain by a death yak (22 damage)
             ... on level 3 of the Lair of Beasts.
             The game lasted 00:25:44 (22200 turns).

112233 the Thaumaturge (Demonspawn Necromancer)    Turns: 22200, Time: 00:25:44

Health: 0/101      AC:  9    Str: 16    XL:     13   Next: 21%
Magic:  29/29      EV: 19    Int: 20    God:    Sif Muna [****..]
Gold:   1167       SH:  0    Dex: 11    Spells: 13/37 levels left

rFire   + . .      SeeInvis .   a - +6 demon trident (spect)
rCold   + + .      Faith    .   (no shield)
rNeg    . . .      Spirit   .   S - +1 robe {rC+}
rPois   +          Reflect  .   G - +0 helmet
rElec   +          Harm     .   q - scarf {rC+ rF+}
rCorr   .          Rampage  .   V - +2 pair of gloves
Will    .....                   f - +0 pair of boots
Stlth   ++........              F - amulet of magic regeneration
HPRegen 0.26/turn               X - ring of wizardry
MPRegen 0.61/turn               j - ring of Yendor {rElec rPois EV+4 Str+6 Dex-3}

@: no status effects
A: ignite blood 1, spiny 2, sharp scales 1, demonic touch 2
a: Renounce Religion, Channel Magic, Forget Spell, Divine Exegesis


You were on level 3 of the Lair of Beasts.
You worshipped Sif Muna.
Sif Muna was greatly pleased with you.
You visited 2 branches of the dungeon, and saw 16 of its levels.

You collected 1167 gold pieces.

Inventory:

Hand Weapons
 a - a +6 spectral demon trident (weapon)
 o - a +2 dagger of protection
 z - a +1 hand axe of venom
 B - a +0 falchion of electrocution
 C - the +3 woodcutter's axe {vorpal}
   (You found it on level 5 of the Dungeon)

   It inflicts extra damage upon your enemies.
Missiles
 u - 38 poisoned darts
 T - a throwing net
Armour
 f - a +0 pair of boots (worn)
 q - a scarf of resistance (worn)
 t - a +0 cloak
 G - a +0 helmet (worn)
 R - a +0 buckler
 S - a +1 robe of cold resistance (worn)
 V - a +2 pair of gloves (worn)
Jewellery
 d - a ring of ice
 j - the ring of Yendor (right hand) {rElec rPois EV+4 Str+6 Dex-3}
   (You found it on level 2 of the Dungeon)

   [ring of evasion]

   EV:        It affects your evasion (+4).
   Str:       It affects your strength (+6).
   Dex:       It affects your dexterity (-3).
   rElec:     It insulates you from electricity.
   rPois:     It protects you from poison.
 l - a ring of resist corrosion
 m - a ring of positive energy
 F - an amulet of magic regeneration (around neck)
 W - a ring of protection from fire
 X - a ring of wizardry (left hand)
Wands
 n - a wand of quicksilver (4)
 J - a wand of flame (13) (quivered)
 K - a wand of polymorph (4)
 Q - a wand of paralysis (4)
Scrolls
 b - 2 scrolls of immolation
 c - 3 scrolls of magic mapping
 e - 2 scrolls of fog
 k - a scroll of silence
 p - 4 scrolls of poison
 x - a scroll of brand weapon
 y - 3 scrolls of amnesia
 A - a scroll of blinking
 D - 2 scrolls of noise {unknown}
 M - a scroll of vulnerability {unknown}
 N - a scroll of enchant armour {unknown}
 P - a scroll of torment {unknown}
 Y - a scroll of identify
Potions
 g - 5 potions of degeneration
 h - 5 potions of curing
 r - a potion of invisibility {unknown}
 s - 2 potions of attraction {unknown}
 v - 8 potions of mutation
 E - a potion of brilliance
 H - a potion of magic
 I - a potion of resistance {unknown}
 L - 4 potions of flight {unknown}
 O - 2 potions of might
 U - a potion of haste {unknown}


   Skills:
 + Level 9.3 Fighting
 + Level 8.9 Dodging
 - Level 1.9 Stealth
 * Level 12.8 Spellcasting
 - Level 2.4 Hexes
 - Level 6.2 Summonings
 * Level 12.0 Necromancy
 + Level 1.9 Ice Magic


You had 13 spell levels left.
You knew the following spells:

 Your Spells              Type           Power      Damage    Failure   Level
a - Necrotise             Necr           100%       1d9       1%          1
b - Vampiric Draining     Necr           57%        2d10      1%          3
c - Anguish               Hex/Necr       20%        N/A       1%          4
d - Agony                 Necr           57%        N/A       1%          5
e - Summon Mana Viper     Hex/Summ       30%        N/A       10%         5
f - Simulacrum            Ice/Necr       20%        N/A       17%         6

Your spell library contained the following spells:

 Spells                   Type           Power      Damage    Failure   Level
 Call Imp                 Summ           37%        N/A       1%          2
 Ensorcelled Hibernation  Hex/Ice        42%        N/A       1%          2
 Call Canine Familiar     Summ           37%        N/A       1%          3
 Animate Dead             Necr           57%        N/A       1%          4
 Magic Dart               Conj           48%        1d5       2%          1
 Sting                    Tmut/Pois      48%        1d5       2%          1
 Portal Projectile        Hex/Tloc       34%        N/A       4%          3
 Corpse Rot               Necr/Pois/Air  28%        N/A       4%          4
 Summon Ice Beast         Ice/Summ       29%        N/A       4%          4
 Mephitic Cloud           Conj/Pois/Air  12%        N/A       6%          3
 Spider Form              Tmut/Pois      12%        N/A       6%          3
 Leda's Liquefaction      Hex/Erth       8%         N/A       12%         4
 Hailstorm                Conj/Ice       16%        3d6       14%         4
 Ice Form                 Ice/Tmut       16%        N/A       14%         4
 Olgreb's Toxic Radiance  Pois           12%        N/A       21%         4
 Monstrous Menagerie      Summ           18%        N/A       77%         7
 Eringya's Noxious Bog    Tmut/Pois      6%         N/A       95%         6
 Lehudib's Crystal Spear  Conj/Erth      6%         10d3      100%        8
 Necromutation            Tmut/Necr      18%        N/A       100%        8


Dungeon Overview and Level Annotations

Branches:
Dungeon (13/15)            Temple (0/1) D:5            Lair (3/5) D:11
  Snake (0/4) Lair:3
  Swamp: Lair:2-3    Shoals: Lair:2-3       Orc: D:9-12      Vaults: D:13-14

Altars:
Ashenzari
Fedhas
Hepliaklqana
Nemelex Xobeh
Qazlal
Sif Muna
Wu Jian
Yredelemnul

Shops:
D:2 (

Portals:
Trove: D:10 (give +3 gold dragon scales)

Annotations:
D:4 1 runed translucent door, Crazy Yiuf
D:9 3 runed translucent doors, matti1234's ghost, novice OpWr
D:12 exclusion: upstairs, Lodul
Lair:2 exclusion: downstairs


Innate Abilities, Weirdness & Mutations

Your demonic aura sometimes causes spilled blood to erupt in flames.
You are mostly covered in sharp spines.
You are partially covered in razor-sharp scales. (AC +1, Slay +1)
Your touch may inflict irresistible damage on your foes.


Message History

Okay, then.
As you read the scroll of brand weapon, it crumbles to dust.
Your +6 demon trident of freezing acquires a faint afterimage.
a - a +6 spectral demon trident (weapon)
Unknown command.
Unknown command.
Unknown command.
Done exploring.
Done exploring.
Done exploring.
(D) Dungeon (T) Temple (L) Lair (P) Snake Pit
Where to? (Enter - Lair:1 @ (x,y), ? - help)
There is a stone staircase leading down here.
You climb downwards.
Found a leather armour and a gnarled runed staff.
There is a stone staircase leading up here.
There are monsters nearby!
Unknown command.
There are monsters nearby!
There are monsters nearby!
The death yak bellows! x3
You hit the death yak.
You touch the death yak!
The death yak is lightly wounded.
Your +6 spectral demon trident hits the death yak!!
A wolf comes into view.
The death yak is struck by your spines. The death yak gores you!!
The dream sheep ruffle their wool and motes of dream dust sparkle, to no effect.
A cane toad comes into view.
The death yak is engulfed in blazing flames.
The death yak is struck by your spines. The death yak gores you!
The dream sheep are wreathed in dream dust.
You feel drowsy...
You fall asleep.
The death yak gores you!!!
You wake up.
* * * LOW HITPOINT WARNING * * *
The dream sheep misses you.
The wolf moves out of view.
You hear a howl! x2
The death yak is struck by your spines. The death yak completely misses you.
The death yak is engulfed in blazing flames.
The death yak gores you!!
You die...

#...8...#...........
##........#.......##.#.|
......#....##.....#..#h.
....##.##...#.......#F..
8..##.......##..........
...#....#...............
.÷.......#....Y.Y.......
.÷##......#..Y#.YYh...h.
÷####........Y#Y@Y......
.#........#.<.YY§.....#.
..#P..#.................
......#.#..####..#......
............# #..##.....
..........>.# #..# .....
..##......P## #..# ....
..##....... #[.. ....
.##.......#


You could see 4 death yaks, a cane toad, 3 wolves and 4 dream sheep.

Vanquished Creatures
  Harold (D:11)
  Fannar (D:11)
  3 hydras
  A catoblepas (Lair:2)
  A boulder beetle (D:11)
  2 centaur warriors
  2 two-headed ogres
  3 nameless horrors
  A manticore (D:11)
  4 elephants (Lair:2)
  Maurice (D:9)
  A black mamba (Lair:3)
  An unseen horror (D:7)
  A gargoyle (D:12)
  5 cane toads
  A torpor snail (Lair:1)
  An efreet (D:13)
  4 komodo dragons
  5 trolls
  A polar bear (D:12)
  2 blink frogs (Lair:1)
  A snapping turtle (D:11)
  3 dream sheep
  A shadow (D:11)
  40 yaks
  A wraith (D:11)
  A wyvern (D:11)
  4 basilisks
  3 vampire mosquitoes (D:11)
  A steam dragon (D:9)
  3 nagas (Lair:3)
  11 water moccasins
  An ice beast (D:6)
  3 orc warriors
  6 black bears
  5 ogres (D:12)
  2 wolves (D:11)
  4 kobold brigands
  A phantom (D:4)
  A necrophage (D:8)
  3 scorpions
  5 bullfrogs
  4 wights (D:9)
  A howler monkey (D:4)
  A centaur zombie (D:9)
  3 hounds
  3 jellies
  5 orc priests
  3 iguanas
  11 orc wizards
  11 gnolls
  6 adders
  A shadow imp (D:8)
  2 white imps
  2 ufetubi (D:6)
  2 worms
  3 dart slugs
  32 orcs
  7 bats
  6 endoplasms
  3 giant cockroaches
  2 goblins
  5 hobgoblins
  3 jackals (D:3)
  25 kobolds
  3 quokkas
  5 ball pythons
  3 frilled lizards
  3 kobold zombies
  An orc zombie (D:10)
  7 rats
305 creatures vanquished.

Vanquished Creatures (collateral kills)
  A tengu reaver (D:11)
  An unseen horror zombie (D:9)
  3 yaks
  A wight (D:9)
  An orc (D:10)
7 creatures vanquished.

Vanquished Creatures (others)
  A cane toad (Lair:2)
  A rime drake (Lair:1)
  A komodo dragon (Lair:1)
  A blink frog (Lair:1)
  A dream sheep (Lair:3)
  3 yaks
  A naga (Lair:3)
  2 yak zombies (D:9)
  A troll zombie (D:11)
  3 ogre zombies (D:12)
  4 gnoll zombies
  4 kobold zombies
  3 orc zombies (D:3)
  8 fungi
  34 plants
68 creatures vanquished.

Grand Total: 380 creatures vanquished

Notes
Turn   | Place    | Note
-------+----------+-------------------------------------------
     0 | D:1      | 112233 the Demonspawn Necromancer began the quest for the
                  | Orb.
     0 | D:1      | Reached XP level 1. HP: 13/13 MP: 3/3
   429 | D:1      | Gained mutation: Your demonic aura sometimes causes spilled
                  | blood to erupt in flames. [demonic ancestry]
   429 | D:1      | Reached XP level 2. HP: 17/19 MP: 0/5
  1224 | D:2      | Identified the ring of Yendor {rElec rPois EV+4 Str+6
                  | Dex-3}
  1339 | D:2      | Gained mutation: Your touch may inflict minor irresistible
                  | damage on your foes. [demonic ancestry]
  1339 | D:2      | Reached XP level 3. HP: 24/24 MP: 4/7
  1539 | D:2      | Found Ododuh's Weapon Shop.
  2569 | D:4      | Reached skill level 5 in Necromancy
  2575 | D:4      | Noticed a phantom
  2598 | D:4      | Killed a phantom
  2599 | D:4      | Gained mutation: You are partially covered in sharp spines.
                  | [demonic ancestry]
  2599 | D:4      | Reached XP level 4. HP: 15/30 MP: 3/9
  2847 | D:4      | Learned a level 4 spell: Animate Dead
  2913 | D:4      | Found a runed translucent door.
  2914 | D:4      | Noticed Crazy Yiuf
  2987 | D:4      | Reached XP level 5. HP: 32/35 MP: 6/11
  3090 | D:4      | Learned a level 3 spell: Vampiric Draining
  3398 | D:3      | Reached skill level 1 in Fighting
  3398 | D:3      | Gained mutation: You are mostly covered in sharp spines.
                  | [demonic ancestry]
  3398 | D:3      | Reached XP level 6. HP: 23/43 MP: 1/12
  3688 | D:3      | Found a shimmering blue altar of Sif Muna.
  3701 | D:3      | Became a worshipper of Sif Muna the Loreminder
  3911 | D:3      | Found a faded altar of an unknown god.
  4592 | D:4      | Reached skill level 5 in Spellcasting
  4898 | D:4      | Reached XP level 7. HP: 49/49 MP: 10/14
  5190 | D:5      | Entered Level 5 of the Dungeon
  5239 | D:5      | Found the +3 woodcutter's axe {vorpal}
  5612 | D:5      | Found a staircase to the Ecumenical Temple.
  5853 | D:5      | Reached * piety under Sif Muna
  6549 | D:5      | Reached XP level 8. HP: 48/58 MP: 7/17
  7943 | D:6      | Learned a level 5 spell: Agony
  8049 | D:7      | Reached ** piety under Sif Muna
  8200 | D:7      | Found a sparkling altar of Nemelex Xobeh.
  8623 | D:7      | Gained mutation: You are partially covered in razor-sharp
                  | scales. (AC +1, Slay +1) [demonic ancestry]
  8623 | D:7      | Reached XP level 9. HP: 66/66 MP: 20/20
  9072 | D:7      | Killed an unseen horror
  9443 | D:8      | Found an ornate altar of the Wu Jian Council.
  9466 | D:8      | Found a hazy altar of Hepliaklqana.
  9549 | D:8      | Reached skill level 5 in Dodging
  9554 | D:8      | Reached skill level 5 in Fighting
  9626 | D:8      | Found a stormy altar of Qazlal.
  9704 | D:8      | Found a broken altar of Ashenzari.
  9936 | D:9      | Noticed Maurice
  9941 | D:9      | Killed Maurice
 10277 | D:10     | Entered Level 10 of the Dungeon
 10366 | D:10     | Found a blossoming altar of Fedhas.
 10436 | D:10     | Reached XP level 10. HP: 50/76 MP: 16/23
 10987 | D:10     | Found a portal to a secret trove of treasure.
 11145 | D:11     | Noticed a boulder beetle
 11902 | D:9      | Learned a level 5 spell: Summon Mana Viper
 11965 | D:9      | Noticed a two-headed ogre
 11974 | D:9      | Killed a two-headed ogre
 11975 | D:9      | Reached skill level 1 in Summonings
 12266 | D:9      | Reached skill level 10 in Spellcasting
 12527 | D:9      | Found a runed translucent gate.
 12527 | D:9      | Found a runed translucent gate.
 12527 | D:9      | Found a runed translucent gate.
 12527 | D:9      | Noticed matti1234's ghost (novice OpWr)
 12529 | D:9      | Found a basalt altar of Yredelemnul.
 13153 | D:11     | Noticed a red ugly thing
 13204 | D:12     | Reached XP level 11. HP: 81/84 MP: 14/25
 13222 | D:12     | Noticed Sonja
 13232 | D:12     | Noticed Sonja
 13232 | D:12     | Sonja changed into Sonja the polar bear
 13807 | D:11     | Noticed a centaur warrior
 13815 | D:11     | Killed a centaur warrior
 14004 | D:11     | Noticed Fannar
 14040 | D:12     | Noticed a six-headed hydra
 14050 | D:12     | Killed a six-headed hydra
 14379 | D:12     | Noticed a four-headed hydra
 14380 | D:12     | Noticed a two-headed ogre
 14382 | D:12     | You fall into a shaft and drop 1 floor!
 14421 | D:13     | Noticed a centaur warrior
 14434 | D:13     | Killed a centaur warrior
 14435 | D:13     | Reached skill level 10 in Necromancy
 14706 | D:12     | Noticed Lodul
 14743 | D:12     | Killed Sonja the polar bear
 15249 | D:11     | Killed Fannar
 15313 | D:11     | Noticed Harold
 15334 | D:11     | Killed Harold
 15467 | D:11     | Reached *** piety under Sif Muna
 16064 | D:11     | Found a staircase to the Lair.
 16068 | D:11     | a boulder beetle changed into a snapping turtle
 16347 | D:11     | Noticed a two-headed ogre
 16353 | D:11     | Killed a two-headed ogre
 16483 | D:11     | Noticed a tengu reaver
 16488 | D:11     | Killed a tengu reaver
 16489 | D:11     | Reached skill level 5 in Summonings
 16489 | D:11     | Reached XP level 12. HP: 21/93 MP: 13/27
 16779 | D:11     | Noticed a boulder beetle
 16797 | D:11     | Killed a boulder beetle
 17115 | Lair:1   | Entered Level 1 of the Lair of Beasts
 17115 | Lair:1   | Noticed a five-headed hydra
 17496 | D:11     | Killed a five-headed hydra
 17703 | D:11     | Learned a level 4 spell: Anguish
 17976 | Lair:1   | Reached skill level 1 in Hexes
 19393 | Lair:1   | Got Oliul's Parchment of Inconstant Hexing
 19634 | Lair:2   | Noticed a five-headed hydra
 19641 | Lair:2   | Killed a six-headed hydra
 19659 | Lair:2   | Identified a scroll of acquirement
 20045 | Lair:1   | Learned a level 6 spell: Simulacrum
 20315 | Lair:2   | Noticed a catoblepas
 20339 | Lair:2   | Killed a catoblepas
 20408 | Lair:2   | You fall into a shaft and drop 1 floor!
 20474 | Lair:3   | Reached skill level 1 in Ice Magic
 20650 | Lair:3   | Gained mutation: Your touch may inflict irresistible damage
                  | on your foes. [demonic ancestry]
 20650 | Lair:3   | Reached XP level 13. HP: 101/101 MP: 23/29
 20667 | Lair:3   | Reached **** piety under Sif Muna
 20929 | Lair:3   | Got Fasiofedu's Tractate on Poisonous Minerals
 20945 | Lair:3   | Found a staircase to the Snake Pit.
 22161 | Lair:2   | Acquired a +2 demon trident of venom
 22200 | Lair:3   | Slain by a death yak

Illustrated notes

Levels and vault maps discovered:
D:1:      sevenhm_arrival_forest_fort_small_5, layout_basic,
          minmay_misc_feat_chi
D:2:      layout_basic, serial_shops, nicolae_shop_bloodbath_and_beyond,
          grunt_decor_junction
D:3:      layout_basic, nicolae_sif_muna_condensation,
          dilly_ecumenical_altar_fadedgnrine, serial_bayou_ford_a,
          kennysheep_flooded_box, minmay_diced_spiral
D:4:      layout_loops_ring, uniq_crazy_yiuf_cottage
D:5:      layout_loops_ring, minmay_temple_entry_crystal_x
D:6:      layout_loops_ring, chequers_serial_rivers_marsh
D:7:      layout_basic, marbit_many_paths, kennysheep_small_square
D:8:      layout_gridville, cheibrodos_ashenzari_chains,
          mainiacjoe_overflow_catwalk, kennysheep_mini_moat,
          nicolae_overflow_hidden_temple
D:9:      minmay_weird_star, layout_basic, nicolae_yredelemnul_ghost_church,
          uniq_maurice
D:10:     layout_roguey, fedhas_altar_fruit_tree, amcnicky_altar_gilded,
          nicolae_trove_entry_diagonal
D:11:     layout_rooms, minmay_lair_entry_grove, minmay_three_doors,
          uniq_fannar, uniq_harold
D:12:     layout_long_grid, orc_0_dummy, minivault_23,
          hangedman_abyss_or_decor_passed, uniq_lodul, uniq_sonja
D:13:     layout_cave_pools, drop_trap, uniq_josephine
Lair:1:   layout_cave_shapes, infiniplex_staircase_pool_2
Lair:2:   layout_regular_city
Lair:3:   layout_layer_cave, palyth_hydra_swamp_entry,
          guppyfry_snake_entry_island, grunt_megastairs_4

Skill      XL: |  1  2  3  4  5  6  7  8  9 10 11 12 13 |
---------------+----------------------------------------+-----
Spellcasting   | 3 4 5 6 7 9 10 11 12 | 12.8
Necromancy     | 5 6 7 8 9 10 11 12 | 12.0
Dodging        | 2 3 4 5 6 7 8 |  8.9
Fighting       | 1 3 4 5 7 8 9 |  9.3
Summonings     | 2 5 6 |  6.2
Hexes          | 2 |  2.4
Ice Magic      | 1 |  1.9
Stealth        | |  1.9

Action                   |  1- 3 |  4- 6 |  7- 9 | 10-12 | 13-15 || total
-------------------------+-------+-------+-------+-------+-------++-------
Melee: Unarmed           |     6 |       |       |       |       ||     6
       Dagger            |    21 |     5 |       |       |       ||    26
       Touch             |     1 |     1 |       |       |     1 ||     3
       Punch             |     1 |       |       |       |       ||     1
       Battleaxe         |       |       |    78 |   106 |    31 ||   215
       Demon trident     |       |       |       |       |     1 ||     1
 Cast: Necrotise         |    64 |    84 |    85 |    55 |       ||   288
       Vampiric Draining |       |     3 |    40 |   177 |    10 ||   230
       Animate Dead      |       |     2 |    10 |     6 |       ||    18
       Summon Mana Viper |       |       |       |     1 |     1 ||     2
       Anguish           |       |       |       |    12 |     7 ||    19
       Agony             |       |       |       |     3 |       ||     3
Evoke: Wand              |       |       |     6 |    48 |       ||    54
  Use: Potion            |     1 |     1 |     5 |     8 |       ||    15
       Scroll            |       |       |       |    14 |     7 ||    21
 Stab: Sleeping          |       |       |       |     1 |       ||     1
Armor: Robe              |     7 |     5 |    19 |    68 |     7 ||   106
Dodge: Dodged            |    31 |    18 |    94 |   331 |    54 ||   528
